 Dungeon Crawl Stone Soup version 0.30-a0-782-ge64f9170bb (webtiles) character file.

Game seed: 4113307561228707033

2691 Crownlay the Grappler (level 9, -3/89 HPs)
             Began as a Troll Fighter on Mar 8, 2023.
             Was a Follower of Wu Jian.
             Succumbed to a killer bee's poison
             ... on level 6 of the Dungeon.
             The game lasted 00:08:46 (4872 turns).

Crownlay the Grappler (Troll Fighter)               Turns: 4872, Time: 00:08:47

Health: -3/89      AC:  5    Str: 26    XL:     9   Next: 38%
Magic:  8/8        EV:  9    Int:  8    God:    Wu Jian [*.....]
Gold:   132        SH:  9    Dex:  9    Spells: 8/8 levels left

rFire   . . .      SeeInvis .      - Unarmed
rCold   . . .      Faith    +    b - +0 kite shield
rNeg    . . .      Spirit   .    a - +0 robe
rPois   .          Reflect  .    (helmet restricted)
rElec   .          Harm     .    u - +0 cloak
rCorr   .          Rampage  .    (gloves unavailable)
Will    .....                    (boots unavailable)
Stlth   +                        A - amulet of faith
HPRegen 1.14/turn                (no ring)
MPRegen 0.11/turn                (no ring)

@: lethally poisoned (-3 -> -63)
A: large, unfitting armour, claws 3, regeneration 1, shaggy fur 1, tough skin 1
a: Renounce Religion


You were on level 6 of the Dungeon.
You worshipped Wu Jian.
Wu Jian was aware of your devotion.
You visited 2 branches of the dungeon, and saw 8 of its levels.
You also visited: Sewer and Ossuary.

You collected 197 gold pieces.
You spent 65 gold pieces at shops.

Inventory:

Missiles
 e - 5 atropa-tipped darts (quivered)
 w - 3 curare-tipped darts
Armour
 a - a +0 robe (worn)
 b - a +0 kite shield (worn)
 u - a +0 cloak (worn)
Jewellery
 A - an amulet of faith (around neck)
Scrolls
 d - 2 scrolls of poison
 f - a scroll of fear {unknown}
 g - a scroll of summoning {unknown}
 h - a scroll of immolation {unknown}
 i - a scroll of brand weapon {unknown}
 k - 8 scrolls of teleportation
 m - 5 scrolls of identify
 y - a scroll of enchant weapon {unknown}
 B - a scroll of amnesia {unknown}
 D - a scroll of blinking {unknown}
Potions
 c - 5 potions of might
 j - a potion of experience {unknown}
 l - 2 potions of ambrosia {unknown}
 n - a potion of degeneration {unknown}
 o - a potion of magic {unknown}
 p - 3 potions of haste {unknown}
 q - 2 potions of berserk rage {unknown}
 r - 4 potions of curing {unknown}
 s - 3 potions of flight {unknown}
 t - 3 potions of heal wounds
 v - a potion of cancellation {unknown}
 x - 3 potions of mutation {unknown}
 z - a potion of attraction {unknown}
 C - a potion of brilliance {unknown}


   Skills:
 + Level 5.8 Fighting
 + Level 2.8 Dodging
 + Level 6.4 Shields
 * Level 9.3 Unarmed Combat


You had 8 spell levels left.
You didn't know any spells.
Your spell library contained the following spells:

 Spells                   Type           Power      Damage    Failure   Level
 Ensorcelled Hibernation  Hex/Ice        0%         N/A       80%         2
 Passwall                 Tmut/Erth      0%         N/A       80%         2
 Swiftness                Air            0%         N/A       95%         3


Dungeon Overview and Level Annotations

Branches:
Dungeon (7/15)             Temple (1/1) D:5           Sewer (visited)
Ossuary (visited)

Altars:
Ashenzari
Cheibriados
Elyvilon
Fedhas
Gozag
Hepliaklqana
Makhleb
Okawaru
Qazlal
Sif Muna
Trog
Uskayaw
Vehumet
Wu Jian
Xom
Yredelemnul
Zin
The Shining One

Shops:
D:2 ?


Innate Abilities, Weirdness & Mutations

You are too large for most types of armour.
You have claws for hands.
Your natural rate of healing is unusually fast.
You are covered in fur. (AC +1)
You have tough skin. (AC +1)


Message History

The killer bee barely misses you. The killer bee completely misses you.
There is a stone staircase leading up here.
You climb upwards.
There is a stone staircase leading down here.
No target in view!
You climb downwards.
You block the killer bee's attack. x2
The killer bee stings you.
You are poisoned.
The killer bee poisons you! The killer bee stings you. x2
You are more poisoned.
The killer bee poisons you! The killer bee stings you.
The killer bee stings you!
You are more poisoned.
The killer bee poisons you! The killer bee stings you!
You are more poisoned.
The killer bee poisons you!
The killer bee stings you but does no damage.
The killer bee stings you. You block the killer bee's attack.
There is a stone staircase leading up, spattered with blood here.
You feel extremely sick. The killer bee stings you.
You are more poisoned.
The killer bee poisons you!
The killer bee stings you but does no damage.
You block the killer bee's attack. x2; The killer bee stings you.
The killer bee stings you!
You are lethally poisoned!
The killer bee poisons you! The killer bee stings you.
* * * LOW HITPOINT WARNING * * *
You are more poisoned.
The killer bee poisons you! The killer bee stings you.
* * * LOW HITPOINT WARNING * * *
You are more poisoned.
The killer bee poisons you! The killer bee stings you.
* * * LOW HITPOINT WARNING * * *
You are more poisoned.
The killer bee poisons you!
You climb upwards.
You die...

#.# ###.#.#.##.........#####...
#.# #.#.#.##.###..#..........
#.######.#.#.##.#...###.#####.##
#............##.#.#.# #.# #.#
########.....##.#.#.# #.# #.#
#########.#...##.#.#)# ### #.#
.................#.#.# #.#
#########.###.##y#.#.# #.# #
###......y@y.#.#########.#
#.........y###...........#
#.########## ###########.# #.#
#.# #.# #.# #.# #.# #.# #.# #.#
#.# #.# #.#


You could see 4 killer bees.

Vanquished Creatures
  Pikel (D:6)
  Grinder (D:3)
  Prince Ribbit (D:6)
  2 acid dragons (D:5)
  An orc warrior (D:4)
  An ice beast (D:6)
  An ogre (D:5)
  4 lemures (D:6)
  An elf zombie (Ossuary)
  2 kobold brigands (Sewer)
  4 scorpions
  A howler monkey (D:5)
  2 centaur zombies (Ossuary)
  A quasit (Sewer)
  4 hounds
  2 human zombies (Ossuary)
  3 orc priests
  A jelly (D:5)
  2 orc wizards (D:4)
  2 mummies (Ossuary)
  Robin (D:3)
  8 adders
  6 gnolls
  4 shadow imps
  2 white imps
  4 ufetubi
  2 adder zombies (Ossuary)
  4 worms
  2 dart slugs
  15 orcs
  8 ball pythons
  15 bats
  12 endoplasms
  3 giant cockroaches
  17 goblins
  13 hobgoblins
  2 jackals (D:5)
  6 quokkas
  4 frilled lizards
  A giant cockroach zombie (Sewer)
  3 goblin zombies (Ossuary)
  9 hobgoblin zombies (Ossuary)
  A jackal zombie (Ossuary)
  21 kobolds
  6 kobold zombies
  10 orc zombies (Ossuary)
  4 rats
  A rat zombie (Ossuary)
221 creatures vanquished.

Notes
Turn   | Place    | Note
-------+----------+-------------------------------------------
     0 | D:1      | Crownlay the Troll Fighter began the quest for the Orb.
     0 | D:1      | Reached XP level 1. HP: 22/22 MP: 0/0
   144 | D:1      | Reached XP level 2. HP: 25/29 MP: 1/1
   717 | D:1      | Reached XP level 3. HP: 36/36 MP: 2/2
   960 | D:2      | Reached skill level 3 in Unarmed Combat
  1058 | D:2      | Found a snail-covered altar of Cheibriados.
  1079 | D:2      | Found Uraenorr's Magic Scroll Shop.
  1093 | D:2      | Reached XP level 4. HP: 15/44 MP: 3/3
  1139 | D:2      | Bought a scroll of teleportation for 39 gold pieces
  1139 | D:2      | Bought a scroll of identify for 26 gold pieces
  1244 | D:3      | Noticed Grinder
  1246 | D:3      | Paralysed by Grinder for 4 turns
  1259 | D:3      | Paralysed by Grinder for 4 turns
  1313 | D:3      | Killed Grinder
  1314 | D:3      | Reached skill level 4 in Unarmed Combat
  1314 | D:3      | Reached XP level 5. HP: 38/53 MP: 4/4
  1314 | D:3      | Reached XP level 6. HP: 44/61 MP: 5/5
  1336 | D:3      | Found a faded altar of an unknown god.
  1384 | D:3      | Found a broken altar of Ashenzari.
  1551 | D:3      | Noticed Robin
  1559 | D:3      | Killed Robin
  1820 | D:3      | Reached skill level 5 in Unarmed Combat
  2183 | D:4      | Found a sand-covered staircase.
  2198 | D:4      | Reached XP level 7. HP: 25/68 MP: 6/6
  2201 | D:4      | HP: 3/68 [quokka (2)]
  2215 | Ossuary  | Entered an ossuary
  2373 | Ossuary  | Reached skill level 6 in Unarmed Combat
  2555 | D:4      | Reached XP level 8. HP: 79/79 MP: 7/7
  2845 | D:5      | Entered Level 5 of the Dungeon
  2859 | D:5      | Reached skill level 5 in Shields
  2888 | D:5      | Found a staircase to the Ecumenical Temple.
  2895 | D:5      | Reached skill level 7 in Unarmed Combat
  2898 | Temple   | Entered the Ecumenical Temple
  2915 | Temple   | Became a worshipper of the Wu Jian Council
  2983 | D:5      | Found a burning altar of Makhleb.
  3051 | D:5      | Found a shimmering blue altar of Sif Muna.
  3087 | D:5      | Reached skill level 5 in Fighting
  3248 | D:5      | Found a stormy altar of Qazlal.
  3263 | D:5      | Reached skill level 8 in Unarmed Combat
  3590 | D:6      | Found a glowing drain.
  3608 | Sewer    | Entered a sewer
  3671 | Sewer    | Reached * piety under Wu Jian
  3716 | Sewer    | Found a burning altar of Makhleb.
  4093 | D:6      | Noticed Pikel
  4128 | D:6      | Killed Pikel
  4129 | D:6      | Reached skill level 9 in Unarmed Combat
  4129 | D:6      | Reached XP level 9. HP: 68/88 MP: 8/8
  4179 | D:6      | Noticed Prince Ribbit
  4185 | D:6      | Killed Prince Ribbit
  4872 | D:6      | Succumbed to a killer bee's poison

Illustrated notes

Levels and vault maps discovered:
D:1:      eino_arrival_tree_alley, layout_basic, feat_on_display
D:2:      layout_basic, basic_altar, serial_shops, shop_statue
D:3:      layout_loops_ring, ashenzari_conservatory_becter,
          hellmonk_ecumenical_altar_arch_garden, uniq_robin, uniq_grinder
D:4:      layout_cave_pools, nicolae_ossuary_entry_monument
D:5:      layout_basic, mainiacjoe_overflow_boulevard,
          minmay_temple_entry_sparse_star, hangedman_feature_mirror
D:6:      layout_basic, cheibrodos_sewer_entry_drain, due_unseen_surprise,
          uniq_prince_ribbit1, uniq_pikel
D:7:      layout_cave_pools, lemuel_doored_altar, minmay_misc_feat_tiny
Temple:   hellmonk_temple_two_chambers

Skill      XL: |  1  2  3  4  5  6  7  8 |
---------------+-------------------------+-----
Shields        | 3 4 6 |  6.4
Unarmed Combat | 3 4 5 6 9 |  9.3
Fighting       | 3 4 5 |  5.8
Dodging        | |  2.8

Action                     |  1- 3 |  4- 6 |  7- 9 || total
---------------------------+-------+-------+-------++-------
  Melee: Unarmed           |   125 |   131 |   359 ||   615
  Throw: Dart              |       |     6 |       ||     6
Ability: Lunge             |       |       |    12 ||    12
    Use: Scroll            |       |     3 |     1 ||     4
         Potion            |       |     1 |     1 ||     2
   Stab: Sleeping          |       |     1 |       ||     1
 Armour: Robe              |    64 |    53 |   112 ||   229
  Dodge: Dodged            |    41 |    64 |   123 ||   228
  Block: Kite shield       |    57 |    63 |   165 ||   285

Table legend: (Time is in decaauts)
 A = Elapsed time spent in this place.
 B = Non-inter-level travel time spent in this place.
 C = Inter-level travel time spent in this place.
 D = Time resting spent in this place.
 E = Time spent auto-exploring this place.
 F = Levels seen in this place.
 G = Mean time per level.
                   A        B        C        D        E       F      G
               +--------+--------+--------+--------+--------+-----+--------+
         Total |   4887 |   4729 |    158 |     41 |   3468 |  10 |  488.7 |
       Dungeon |   4244 |   4094 |    150 |     41 |   3132 |   7 |  606.3 |
        Temple |     26 |     18 |      8 |      0 |      7 |   1 |   26.0 |
         Sewer |    352 |    352 |      0 |      0 |    204 |   1 |  352.0 |
       Ossuary |    263 |    263 |      0 |      0 |    125 |   1 |  263.0 |
               +--------+--------+--------+--------+--------+-----+--------+

Top non-repeatable levels by time:
     D:6: 913 daAuts
     D:3: 869 daAuts
     D:1: 837 daAuts
     D:5: 706 daAuts
     D:4: 450 daAuts
     D:2: 445 daAuts
   Sewer: 352 daAuts
 Ossuary: 263 daAuts
  Temple: 26 daAuts
     D:7: 22 daAuts
